cohdb
Replays
Latest Replays
All Replays
Popular Replays
Top Player Replays
Match Explorer
How It Works
Community
CoH3 Stats
Reddit
Sign in to upload your games and track your stats! →
Sign in with Steam
Match 42212274
Unlisted
Match 42212274
Overview
Messages
Build Orders
End
Selects Special Operations Battlegroup
Construct Weapon Support Center
Selects M29 Weasel Recon Vehicle
M29 Weasel Recon Vehicle
M1919 Machine Gun Team
M1919 Machine Gun Team
Selects Raiding Flares
Infantry Support Center
Engineer Squad
Advanced Logistics
Raiding Flares
Survival Training
Improved M9 Bazooka Rockets
Raiding Flares
Forward Retreat Point
Selects SSF Commando Squad
SSF Commando Squad
Raiding Flares
SSF Commando Squad
Raiding Flares
SSF Commando Squad
Raiding Flares
SSF Commando Squad
M3 Armored Personnel Carrier
Raiding Flares
Selects P-47 Anti-Infantry Loiter
P-47 Anti-Infantry Loiter
Raiding Flares
Selects Assault Operation
BuzzCutPsycho
A Sad Kitty
RedSavage
min jong park
homig
Stapleton
kerem
[Ⓥ] Haisen
0
0
Comments
sign in to comment!
No comments posted yet!